 Dungeon Crawl Stone Soup version 0.25-a0-860-gf695395b5c (webtiles) character file.

Game seed: 15260252969947086907, levelgen mode: deterministic

65 Fukker the Twirler (level 3, -1/27 HPs)
             Began as a Demonspawn Gladiator on Apr 28, 2020.
             Slain by a kobold (4 damage)
             ... on level 2 of the Dungeon.
             The game lasted 00:03:18 (1208 turns).

Fukker the Twirler (Demonspawn Gladiator)           Turns: 1208, Time: 00:03:19

Health: -1/27      AC:  5    Str: 15    XL:     3   Next: 94%
Magic:  12/12      EV: 12    Int:  9    God:
Gold:   58         SH:  0    Dex: 14    Spells: 2/2 levels left

rFire    . . .     SeeInvis .   a - +0 quarterstaff
rCold    . . .     Gourm    .   (shield currently unavailable)
rNeg     . . .     Faith    .   b - +0 leather armour
rPois    .         Spirit   .   c - +0 helmet
rElec    .         Reflect  .   (no cloak)
rCorr    .         Harm     .   (no gloves)
MR       .....                  (no boots)
Stlth    +.........             (no amulet)
HPRegen  0.09/turn              k - ring of magical power
MPRegen  0.13/turn              (no ring)

@: hasted, very quick
A: rugged brown scales 1
a: no special abilities


You were on level 2 of the Dungeon.
You were hungry.

You visited 1 branch of the dungeon, and saw 2 of its levels.

You collected 58 gold pieces.

Inventory:

Hand Weapons
 a - a +0 quarterstaff (weapon)
Missiles
 d - 2 throwing nets (quivered)
 g - 30 sling bullets
 o - 39 stones
 q - 13 bolts
Armour
 b - a +0 leather armour (worn)
 c - a +0 helmet (worn)
Jewellery
 k - a ring of magical power (left hand)
Scrolls
 e - 2 scrolls of enchant armour {unknown}
 h - 2 scrolls of fear {unknown}
 i - 4 scrolls of teleportation {unknown}
 j - 4 scrolls of fog {unknown}
 p - a scroll of magic mapping {unknown}
 r - a scroll of identify {unknown}
Potions
 n - a potion of stabbing {unknown}
 s - 2 potions of degeneration {unknown}
Comestibles
 f - a ration


   Skills:
 - Level 2.0 Fighting
 + Level 4.2 Staves
 + Level 2.2 Throwing
 - Level 0.1 Armour
 - Level 2.6 Dodging


You had 2 spell levels left.
You didn't know any spells.
Your spell library was empty.

Dungeon Overview and Level Annotations

Branches:
Dungeon (2/15)

Altars:


Innate Abilities, Weirdness & Mutations

You are partially covered in rugged brown scales. (AC +1, +3% HP)


Message History

The hobgoblin misses you. As you open the door, it creaks loudly!
The hobgoblin barely misses you.
Found a ration.
There is an open door here.
Found a hunting sling.
You see here a hunting sling.
A kobold comes into view.
The kobold shouts!
The kobold barely misses you.
You closely miss the kobold. The hobgoblin closely misses you.
The kobold barely misses you.
You closely miss the kobold. The hobgoblin closely misses you.
The kobold hits you but does no damage.
You barely miss the kobold. The hobgoblin barely misses you.
The kobold hits you.
* * * LOW HITPOINT WARNING * * *
It was a potion of haste.
You feel yourself speed up. The hobgoblin completely misses you.
The kobold hits you.
You die...

#.# #(.# #########'## ##g#
...........##### #......(.
...............#####.......
..........g###.#.. .......
.......%..g# #.# #.(....
...........# #.# ......
..........g# #K# .>....
...........+ #@# ..((..
...........#####g#
########...)g..gg#
###########


You could see a gnoll, 2 hobgoblins and a kobold.

Vanquished Creatures
  3 gnolls (D:2)
  An adder (D:2)
  2 dart slugs (D:1)
  2 bats (D:1)
  4 hobgoblins
  A kobold (D:2)
  A quokka (D:2)
  A ball python (D:1)
  A frilled lizard (D:2)
  4 goblins
  4 rats
24 creatures vanquished.

Notes
Turn   | Place    | Note
-------+----------+-------------------------------------------
     0 | D:1      | Fukker the Demonspawn Gladiator began the quest for the
                  | Orb.
     0 | D:1      | Reached XP level 1. HP: 16/16 MP: 1/1
   157 | D:1      | Reached skill level 3 in Staves
   259 | D:1      | Gained mutation: You are partially covered in rugged brown
                  | scales. (AC +1, +3% HP) [demonic ancestry]
   259 | D:1      | Reached XP level 2. HP: 12/22 MP: 2/2
   835 | D:2      | Reached XP level 3. HP: 27/27 MP: 3/3
  1177 | D:2      | Reached skill level 4 in Staves
  1208 | D:2      | Slain by a kobold

Levels and vault maps discovered:
D:1:      lemuel_arrival_broad_hall, layout_loops_ring
D:2:      layout_basic, old_standard_altar, first_ration

Skill      XL: |  1  2  3 |
---------------+----------+-----
Staves         | 3 4 |  4.2
Throwing       | 2 |  2.2
Fighting       | |  2.0
Armour         | |  0.1
Dodging        | |  2.6

Action                   || total
-------------------------++-------
Melee: Quarterstaff      ||    62
Throw: Dart              ||    21
       Throwing net      ||     1
  Use: Potion            ||     1
 Stab: Sleeping          ||     2
       Held in net/web   ||     1
Armor: Leather armour    ||    13
Dodge: Dodged            ||    37

Table legend:
 A = Non-vault XP
 B = Vault XP
 C = Vault XP percentage of total XP
 D = Non-vault monster count
 E = Vault monster count
 F = Vault count percentage of total count
                 A         B        C        D         E       F
            +---------+---------+-------+---------+---------+-------
      Total |      94 |       0 |   0.0 |      24 |       0 |   0.0
            +---------+---------+-------+---------+---------+-------
        D:1 |      22 |       0 |   0.0 |      12 |       0 |   0.0
        D:2 |      72 |       0 |   0.0 |      12 |       0 |   0.0
            +---------+---------+-------+---------+---------+-------
